 Dungeon Crawl Stone Soup version 0.29-a0-330-g52719c12eb (webtiles) character file.

Game seed: 2417293681717391315

2363 kae the Arsonist (level 9, 0/52 HPs)
             Began as a Tengu Fire Elementalist on Apr 14, 2022.
             Was an Initiate of Ashenzari.
             Slain by an ice beast (12 damage)
             ... on level 7 of the Dungeon.
             The game lasted 00:04:56 (8815 turns).

kae the Arsonist (Tengu Fire Elementalist)          Turns: 8815, Time: 00:04:56

Health: 0/52       AC:  6    Str:  9    XL:     9   Next: 44%
Magic:  17/26      EV: 17    Int: 19    God:    Ashenzari [......]
Gold:   220        SH:  0    Dex: 15    Spells: 0/17 levels left

rFire   . . .      SeeInvis .   p - +1 great sword (holy)
rCold   . . .      Faith    .   (shield currently unavailable)
rNeg    . . .      Spirit   .   a - +0 robe
rPois   .          Reflect  .   (helmet restricted)
rElec   .          Harm     .   v - +0 cloak
rCorr   .          Rampage  .   j - +2 pair of gloves
Will    .....                   (boots unavailable)
Stlth   ++........              (no amulet)
HPRegen 0.17/turn               l - ring of magical power
MPRegen 0.20/turn               (no ring)

@: flying quickly and evasively, quick
A: beak, talons 3, nimble flight
a: Renounce Religion


You were on level 7 of the Dungeon.
You worshipped Ashenzari.
Ashenzari was noncommittal.
You visited 2 branches of the dungeon, and saw 8 of its levels.

You collected 364 gold pieces.
You spent 144 gold pieces at shops.

Inventory:

Hand Weapons
 f - a +1 mace
 p - a +1 great sword of holy wrath (weapon)
Missiles
 k - 2 throwing nets
Armour
 a - a +0 robe (worn)
 j - a +2 pair of gloves (worn)
 v - a +0 cloak (worn)
Jewellery
 l - a ring of magical power (left hand)
 n - a ring of willpower
Wands
 g - a wand of mindburst (17)
Scrolls
 r - 2 scrolls of teleportation {unknown}
 t - a scroll of enchant weapon
 x - a scroll of amnesia
 y - a scroll of identify
Potions
 b - 4 potions of magic
 c - 2 potions of brilliance
 d - 3 potions of mutation
 e - 3 potions of curing
 h - 2 potions of degeneration
 i - 4 potions of heal wounds
 m - 3 potions of haste
 o - a potion of berserk rage
 q - 2 potions of lignification
 s - 3 potions of cancellation
 u - a potion of attraction {unknown}
 w - a potion of flight {unknown}


   Skills:
 + Level 4.7 Fighting
 + Level 5.7 Dodging
 - Level 2.0 Stealth
 + Level 4.9 Spellcasting
 + Level 6.7 Conjurations
 * Level 8.7 Fire Magic


You couldn't memorise any spells.
You knew the following spells:

 Your Spells              Type           Power      Damage    Failure   Level
a - Foxfire               Conj/Fire      100%       2x1d9     1%          1
b - Scorch                Fire           74%        2d9       1%          2
c - Conjure Flame         Conj/Fire      34%        6-21      1%          3
d - Inner Flame           Hex/Fire       21%        N/A       6%          3
e - Flame Wave            Conj/Fire      34%        2d8       5%          4
f - Sticky Flame          Conj/Fire      34%        2d5       5%          4

Your spell library contained the following spells:

 Spells                   Type           Power      Damage    Failure   Level
 Static Discharge         Conj/Air       17%        N/A       4%          2
 Portal Projectile        Hex/Tloc       8%         N/A       36%         3
 Dispel Undead            Necr           4%         3d7       77%         4
 Blade Hands              Tmut           2%         N/A       98%         5
 Excruciating Wounds      Necr           2%         N/A       98%         5


Dungeon Overview and Level Annotations

Branches:
Dungeon (7/15)             Temple (1/1) D:7

Altars:
Ashenzari
Cheibriados
Dithmenos
Elyvilon
Fedhas
Gozag
Hepliaklqana
Kikubaaqudgha
Makhleb
Nemelex Xobeh
Okawaru
Qazlal
Ru
Sif Muna
Trog
Uskayaw
Vehumet
Wu Jian
Xom
Yredelemnul
Zin
The Shining One

Shops:
D:2 !   D:5 :!


Innate Abilities, Weirdness & Mutations

You have a beak for a mouth.
You have claws for feet.
Your magical nature lets you fly swiftly and evasively.


Message History

Confirm with . or Enter, or press ? or * to list all spells.
Flames lash the centaur.
The centaur is heavily wounded.
The centaur's fire resistance burns away.
The ice beast barely misses you. The centaur misses you. The centaur kicks you.
The centaur completely misses you. The centaur barely misses you.
The ice beast barely misses you.
The centaur hits you but does no damage.
The centaur closely misses you.
Casting: Scorch (safe; 1% risk of failure)
Confirm with . or Enter, or press ? or * to list all spells.
Flames lash the centaur.
The centaur is burned terribly!
The centaur is severely wounded.
The ice beast barely misses you. The centaur closely misses you.
The centaur kicks you but does no damage.
The centaur completely misses you. x2; The ice beast closely misses you.
The centaur hits you.
The centaur kicks you but does no damage.
Casting: Scorch (safe; 1% risk of failure)
Confirm with . or Enter, or press ? or * to list all spells.
Flames lash the centaur.
The centaur is burned terribly!
You kill the centaur!
The ice beast closely misses you. The ice beast hits you.
The ice beast freezes you!
* * * LOW HITPOINT WARNING * * *
Casting: Scorch (safe; 1% risk of failure)
Confirm with . or Enter, or press ? or * to list all spells.
Flames lash the ice beast.
The ice beast melts!
The ice beast is heavily wounded.
The ice beast's fire resistance burns away.
The ice beast hits you but does no damage.
The ice beast hits you but does no damage.
Casting: Scorch (safe; 1% risk of failure)
Confirm with . or Enter, or press ? or * to list all spells.
Flames lash the ice beast.
The ice beast melts!
The ice beast is almost dead.
The ice beast hits you.
* * * LOW HITPOINT WARNING * * *
The ice beast freezes you!
You die...

........#....# #.....#
........#....+ +.....#
###..##'#....########.....#
###..#.....................
.....#.....................
.....#..................
.....#........>.........
.....#..................
.....#..........@)......
######...........Y......
.....#+##########+# .....
...


You could see an ice beast (combustible).

Vanquished Creatures
  Grinder (D:5)
  A wyvern (D:6)
  A steam dragon (D:7)
  A water moccasin (D:5)
  An orc warrior (D:5)
  A sky beast (D:6)
  A black bear (D:4)
  5 ogres (D:5)
  2 centaurs (D:7)
  2 bullfrogs
  A necrophage (D:6)
  3 wights (D:7)
  A howler monkey (D:5)
  2 orc priests (D:5)
  2 hounds
  2 jellies (D:6)
  3 iguanas
  Jessica (D:2)
  3 orc wizards
  4 gnolls (D:7)
  4 adders
  An ufetubus (D:5)
  4 worms
  4 dart slugs
  20 orcs
  5 ball pythons
  6 endoplasms
  3 giant cockroaches
  5 goblins
  5 hobgoblins
  12 jackals
  7 kobolds
  6 quokkas
  10 bats
  3 frilled lizards
  3 rats
  A butterfly (D:7)
137 creatures vanquished.

Vanquished Creatures (others)
  455 foxfires
455 creatures vanquished.

Grand Total: 592 creatures vanquished

Notes
Turn   | Place    | Note
-------+----------+-------------------------------------------
     0 | D:1      | kae the Tengu Fire Elementalist began the quest for the
                  | Orb.
     0 | D:1      | Reached XP level 1. HP: 10/10 MP: 4/4
   154 | D:1      | Reached XP level 2. HP: 7/16 MP: 1/6
   492 | D:1      | Learned a level 2 spell: Scorch
   785 | D:1      | Reached XP level 3. HP: 13/20 MP: 2/7
   789 | D:1      | Learned a level 3 spell: Conjure Flame
  1257 | D:2      | Found Banor Bae's Distillery.
  1263 | D:2      | Bought a potion of curing for 36 gold pieces
  1314 | D:2      | Noticed Jessica
  1319 | D:2      | Killed Jessica
  1320 | D:2      | Reached skill level 1 in Fighting
  1320 | D:2      | Reached skill level 4 in Fire Magic
  1320 | D:2      | Reached XP level 4. HP: 25/25 MP: 5/8
  1811 | D:2      | You fall into a shaft and drop 2 floors!
  3275 | D:3      | Gained mutation: Your magical nature lets you fly swiftly
                  | and evasively. [Tengu growth]
  3275 | D:3      | Reached XP level 5. HP: 29/29 MP: 9/9
  3279 | D:3      | Learned a level 3 spell: Inner Flame
  3550 | D:4      | Noticed a black bear
  3564 | D:4      | Killed a black bear
  3565 | D:4      | Reached XP level 6. HP: 26/35 MP: 8/11
  3695 | D:4      | Reached skill level 5 in Fire Magic
  4212 | D:5      | Entered Level 5 of the Dungeon
  4264 | D:5      | Found Xygi's Distillery.
  4270 | D:5      | Bought a potion of degeneration for 12 gold pieces
  4270 | D:5      | Bought a potion of lignification for 36 gold pieces
  4270 | D:5      | Bought a potion of heal wounds for 60 gold pieces
  4427 | D:5      | Reached XP level 7. HP: 19/40 MP: 10/12
  4782 | D:5      | Reached skill level 6 in Fire Magic
  4817 | D:5      | Found Zoett's Book Boutique.
  4978 | D:5      | Found a basalt altar of Yredelemnul.
  4978 | D:5      | Found a sacrificial altar of Ru.
  5153 | D:5      | Reached XP level 8. HP: 19/46 MP: 14/14
  5468 | D:5      | Reached skill level 5 in Conjurations
  5816 | D:5      | Noticed Grinder
  5823 | D:5      | Learned a level 4 spell: Flame Wave
  5838 | D:5      | Killed Grinder
  5839 | D:5      | Reached skill level 7 in Fire Magic
  6486 | D:6      | Noticed a wyvern
  6495 | D:6      | Killed a wyvern
  6496 | D:6      | Reached skill level 5 in Dodging
  6542 | D:6      | Reached XP level 9. HP: 50/52 MP: 16/16
  6663 | D:6      | Reached skill level 8 in Fire Magic
  7764 | D:7      | Learned a level 4 spell: Sticky Flame
  7975 | D:7      | Found a staircase to the Ecumenical Temple.
  8013 | Temple   | Entered the Ecumenical Temple
  8478 | Temple   | Became a worshipper of Ashenzari the Shackled
  8815 | D:7      | Slain by an ice beast

Illustrated notes

Levels and vault maps discovered:
D:1:      dpeg_arrival_stone_temple_mockup, layout_rooms
D:2:      layout_basic, serial_shops, nicolae_shop_hallway_stairs, uniq_jessica
D:3:      layout_loops_ring
D:4:      layout_cave_pools
D:5:      layout_loops_ring, jmf_multi_god_temple, serial_shops, shop,
          kennysheep_little_box, grunt_ministairs_2, uniq_grinder
D:6:      layout_basic, serial_curves, eino_curves_03, eino_curves_01,
          grunt_decor_junction, nicolae_figureground_sparkle
D:7:      layout_gridville, minmay_temple_entry_butterflies, uniq_maggie
Temple:   mainiacjoe_temple_big_plus

Skill      XL: |  1  2  3  4  5  6  7  8  9 |
---------------+----------------------------+-----
Conjurations   | 2 3 4 6 |  6.7
Fighting       | 1 2 3 4 |  4.7
Fire Magic     | 4 5 6 7 8 |  8.7
Dodging        | 3 4 5 |  5.7
Spellcasting   | 3 4 |  4.9
Stealth        | |  2.0

Action                   |  1- 3 |  4- 6 |  7- 9 || total
-------------------------+-------+-------+-------++-------
Melee: Mace              |     8 |       |       ||     8
       Kick              |     1 |       |     9 ||    10
       Great sword       |       |       |    25 ||    25
       Peck              |       |       |     2 ||     2
 Cast: Foxfire           |    52 |    90 |   123 ||   265
       Scorch            |     1 |    42 |    36 ||    79
       Conjure Flame     |       |     1 |     6 ||     7
  Use: Scroll            |     4 |     8 |     3 ||    15
       Potion            |       |       |     1 ||     1
Armor: Robe              |     2 |    19 |    24 ||    45
Dodge: Dodged            |     5 |    63 |    80 ||   148

Table legend: (Time is in decaauts)
 A = Elapsed time spent in this place.
 B = Non-inter-level travel time spent in this place.
 C = Inter-level travel time spent in this place.
 D = Time resting spent in this place.
 E = Time spent auto-exploring this place.
 F = Levels seen in this place.
 G = Mean time per level.
                   A        B        C        D        E       F      G
               +--------+--------+--------+--------+--------+-----+--------+
         Total |   8560 |   8321 |    239 |    618 |   6466 |   8 | 1070.0 |
       Dungeon |   8114 |   7919 |    195 |    618 |   6072 |   7 | 1159.1 |
        Temple |    446 |    402 |     44 |      0 |    394 |   1 |  446.0 |
               +--------+--------+--------+--------+--------+-----+--------+

Top non-repeatable levels by time:
     D:5: 2037 daAuts
     D:1: 1241 daAuts
     D:2: 1133 daAuts
     D:6: 1027 daAuts
     D:4: 989 daAuts
     D:7: 889 daAuts
     D:3: 794 daAuts
  Temple: 446 daAuts
